| TOP OF THE 1ST |
|
Northwest Arkansas Naturals batting - Pitching for Jackson Generals : RHP Jake Underhill
|
|
Pitching: RHP Jake Underhill
|
|
|
Batting: SHB Jarrod Lindblad
|
0-0: Foul Ball, location: 2F 0-1: Foul Ball, location: 2F 0-2: Ball 1-2: Foul Ball, location: 2F 1-2: DOUBLE (Flyball, 78D, EV 98.8 MPH)
|
|
Batting: LHB Danny Bailey
|
0-0: Foul Ball, location: 2F 0-1: Ball 1-1: Ball 2-1: 2-RUN HOME RUN (Flyball, 89XD, EV 116.9 MPH), Distance : 445 ft
|
|
Batting: RHB Walt Cogswell
|
0-0: Ball 1-0: Ball 2-0: Ball 3-0: Swinging Strike 3-1: Called Strike 3-2: Foul Ball, location: 2F 3-2: Base on Balls
|
|
Batting: RHB Jaden Warrior
|
0-0: Ball Walt Cogswell steals 2nd base 1-0: Called Strike 1-1: Swinging Strike 1-2: Ball 2-2: Ball 3-2: Fly out, F9 (Flyball, 89M, EV 86.9 MPH)
|
|
Batting: RHB Gavin Jones
|
0-0: Foul Ball, location: 2F 0-1: Called Strike 0-2: Foul Ball, location: 2F 0-2: Foul Ball, location: 2F 0-2: Ball 1-2: Ball 2-2: Ground out 6-3 (Groundball, 6, EV 86.2 MPH) Walt Cogswell to third
|
|
Batting: RHB Tomas Raya
|
0-0: Ball 1-0: Foul Ball, location: 2F 1-1: Ball 2-1: Fly out, F3 (Popup, 34S, EV 65.0 MPH)
|
| Top of the 1st over - 2 runs, 2 hits, 0 errors, 1 left on base; Northwest Arkansas 2 - Jackson 0 |
| BOTTOM OF THE 1ST |
|
Jackson Generals batting - Pitching for Northwest Arkansas Naturals : RHP Jarred Young
|
|
Pitching: RHP Jarred Young
|
|
|
Batting: RHB Micah Roth
|
0-0: Called Strike 0-1: Ball 1-1: Ground out 4-3 (Groundball, 4D, EV 98.8 MPH)
|
|
Batting: RHB Brad Robidas
|
0-0: Called Strike 0-1: Foul Ball, location: 2F 0-2: Ball 1-2: Fly out, F7 (Flyball, 7, EV 90.0 MPH)
|
|
Batting: LHB Cliff Thomas
|
0-0: Called Strike 0-1: Ball 1-1: Foul Ball, location: 2F 1-2: Fly out, F7 (Flyball, 7D, EV 90.0 MPH)
|
| Bottom of the 1st over - 0 runs, 0 hits, 0 errors, 0 left on base; Northwest Arkansas 2 - Jackson 0 |
| TOP OF THE 2ND |
|
Northwest Arkansas Naturals batting - Pitching for Jackson Generals : RHP Jake Underhill
|
|
Batting: RHB Kunimatsu Oya
|
0-0: Called Strike 0-1: Ball 1-1: Fly out, F6 (Line Drive, 6, EV 68.1 MPH)
|
|
Batting: RHB Doug Carter
|
0-0: Ground out U3 (Groundball, 3, EV 93.1 MPH)
|
|
Batting: RHB Egidius Kruger
|
0-0: Ball 1-0: Ball 2-0: Called Strike 2-1: Called Strike 2-2: Ball 3-2: Strikes out swinging
|
| Top of the 2nd over - 0 runs, 0 hits, 0 errors, 0 left on base; Northwest Arkansas 2 - Jackson 0 |
| BOTTOM OF THE 2ND |
|
Jackson Generals batting - Pitching for Northwest Arkansas Naturals : RHP Jarred Young
|
|
Batting: RHB Tony Vargas
|
0-0: Ball 1-0: Ball 2-0: Ball 3-0: Base on Balls
|
|
Batting: RHB Harutomi Matsubara
|
0-0: Fly out, F8 (Flyball, 78D, EV 96.2 MPH)
|
|
Batting: LHB Tom Reynolds
|
0-0: Ball 1-0: Foul Ball, location: 2F 1-1: Ball 2-1: Ball 3-1: Base on Balls Tony Vargas to second
|
|
Batting: LHB Matt Purke Jr.
|
0-0: Ball 1-0: Ball 2-0: Ball 3-0: Base on Balls Tony Vargas to third Tom Reynolds to second
|
|
Batting: RHB Joe Stading
|
0-0: Ball 1-0: Ball 2-0: Called Strike 2-1: Swinging Strike 2-2: Foul Ball, location: 2F 2-2: Ball 3-2: Foul Ball, location: 2F 3-2: Foul Ball, location: 2F 3-2: Foul Ball, location: 2F 3-2: Fielders Choice at 2nd, 3-6 (Groundball, 34, EV 98.8 MPH) Tony Vargas scores Tom Reynolds to third
|
|
Batting: RHB Jesus Torres
|
0-0: Ball 1-0: Ground out 5-3 (Groundball, 56S, EV 88.8 MPH)
|
| Bottom of the 2nd over - 1 run, 0 hits, 0 errors, 2 left on base; Northwest Arkansas 2 - Jackson 1 |
| TOP OF THE 3RD |
|
Northwest Arkansas Naturals batting - Pitching for Jackson Generals : RHP Jake Underhill
|
|
Batting: SHB Jarrod Lindblad
|
0-0: Called Strike 0-1: Ball 1-1: Foul Ball, location: 2F 1-2: Strikes out swinging
|
|
Batting: LHB Danny Bailey
|
0-0: Ball 1-0: Ball 2-0: Ball 3-0: Called Strike 3-1: Base on Balls
|
|
Batting: RHB Walt Cogswell
|
0-0: Ball Danny Bailey steals 2nd base 1-0: Foul Ball, location: 2F 1-1: Fly out, F8 (Flyball, 8LD, EV 91.9 MPH) Runner from 2nd tags up, OUT at 3rd! 8-5
|
| Top of the 3rd over - 0 runs, 0 hits, 0 errors, 0 left on base; Northwest Arkansas 2 - Jackson 1 |
| BOTTOM OF THE 3RD |
|
Jackson Generals batting - Pitching for Northwest Arkansas Naturals : RHP Jarred Young
|
|
Batting: RHB Micah Roth
|
0-0: Foul Ball, location: 2F 0-1: Foul Ball, location: 2F 0-2: Ball 1-2: Foul Ball, location: 2F 1-2: Ground out 5-3 (Groundball, 56, EV 85.6 MPH)
|
|
Batting: RHB Brad Robidas
|
0-0: Called Strike 0-1: Ball 1-1: Fly out, F9 (Flyball, 9LM, EV 90.6 MPH)
|
|
Batting: LHB Cliff Thomas
|
0-0: Ball 1-0: Foul Ball, location: 2F 1-1: Foul Ball, location: 2F 1-2: DOUBLE (Line Drive, 78D, EV 108.1 MPH)
|
|
Batting: RHB Tony Vargas
|
0-0: Swinging Strike 0-1: Foul Ball, location: 2F 0-2: Ball 1-2: Ball 2-2: Strikes out looking
|
| Bottom of the 3rd over - 0 runs, 1 hit, 0 errors, 1 left on base; Northwest Arkansas 2 - Jackson 1 |
| TOP OF THE 4TH |
|
Northwest Arkansas Naturals batting - Pitching for Jackson Generals : RHP Jake Underhill
|
|
Batting: RHB Jaden Warrior
|
0-0: Swinging Strike 0-1: Swinging Strike 0-2: Ball 1-2: Ball 2-2: Ball 3-2: Strikes out swinging
|
|
Batting: RHB Gavin Jones
|
0-0: Ball 1-0: Called Strike 1-1: Ball 2-1: Foul Ball, location: 2F 2-2: Ground out 5-3 (Groundball, 56S, EV 65.0 MPH)
|
|
Batting: RHB Tomas Raya
|
0-0: Called Strike 0-1: Ball 1-1: Ball 2-1: Swinging Strike 2-2: Strikes out looking
|
| Top of the 4th over - 0 runs, 0 hits, 0 errors, 0 left on base; Northwest Arkansas 2 - Jackson 1 |
| BOTTOM OF THE 4TH |
|
Jackson Generals batting - Pitching for Northwest Arkansas Naturals : RHP Jarred Young
|
|
Batting: RHB Harutomi Matsubara
|
0-0: Ground out 6-3 (Groundball, 6, EV 89.4 MPH)
|
|
Batting: LHB Tom Reynolds
|
0-0: Ball 1-0: Called Strike 1-1: Ball 2-1: Called Strike 2-2: SINGLE (Flyball, 9LS, EV 91.2 MPH)
|
|
Batting: LHB Matt Purke Jr.
|
0-0: Ball 1-0: Fielders Choice at 2nd, 2-4 (Groundball, 2L, EV 76.2 MPH)
|
|
Batting: RHB Joe Stading
|
0-0: Ball 1-0: Fly out, F4 (Line Drive, 4, EV 72.5 MPH)
|
| Bottom of the 4th over - 0 runs, 1 hit, 0 errors, 1 left on base; Northwest Arkansas 2 - Jackson 1 |
| TOP OF THE 5TH |
|
Northwest Arkansas Naturals batting - Pitching for Jackson Generals : RHP Jake Underhill
|
|
Batting: RHB Kunimatsu Oya
|
0-0: Ball 1-0: Called Strike 1-1: Ball 2-1: Ball 3-1: Base on Balls
|
|
Batting: RHB Doug Carter
|
0-0: Ball Kunimatsu Oya is caught stealing 2nd base 2-4 1-0: Ball 2-0: Ball 3-0: Called Strike 3-1: Ground out 6-3 (Groundball, 6, EV 86.2 MPH)
|
|
Batting: RHB Egidius Kruger
|
0-0: Foul Ball, location: 2F 0-1: Ball 1-1: Swinging Strike 1-2: Strikes out looking
|
| Top of the 5th over - 0 runs, 0 hits, 0 errors, 0 left on base; Northwest Arkansas 2 - Jackson 1 |
| BOTTOM OF THE 5TH |
|
Jackson Generals batting - Pitching for Northwest Arkansas Naturals : RHP Jarred Young
|
|
Batting: RHB Jesus Torres
|
0-0: Called Strike 0-1: Called Strike 0-2: Ground out 6-3 (Groundball, 6, EV 76.2 MPH)
|
|
Batting: RHB Micah Roth
|
0-0: Ball 1-0: Ball 2-0: Ball 3-0: Base on Balls
|
|
Batting: RHB Brad Robidas
|
0-0: Foul Ball, location: 2F 0-1: Foul Ball, location: 2F 0-2: Strikes out swinging
|
|
Batting: LHB Cliff Thomas
|
0-0: SINGLE (Flyball, 5D, EV 88.8 MPH) Micah Roth to second
|
|
Batting: RHB Tony Vargas
|
0-0: Ground out U3 (Groundball, 3, EV 94.4 MPH)
|
| Bottom of the 5th over - 0 runs, 1 hit, 0 errors, 2 left on base; Northwest Arkansas 2 - Jackson 1 |
| TOP OF THE 6TH |
|
Northwest Arkansas Naturals batting - Pitching for Jackson Generals : RHP Jake Underhill
|
|
Batting: SHB Jarrod Lindblad
|
0-0: Ball 1-0: Ball 2-0: Ball 3-0: Base on Balls
|
|
Pitching: RHP Kurt Loscalzo
|
|
|
Batting: LHB Danny Bailey
|
0-0: Called Strike 0-1: Ball 1-1: Called Strike 1-2: Strikes out swinging
|
|
Batting: RHB Walt Cogswell
|
0-0: Ball 1-0: Ball 2-0: Foul Ball, location: 2F 2-1: Foul Ball, location: 2F 2-2: Strikes out swinging
|
|
Batting: RHB Jaden Warrior
|
0-0: Ball 1-0: Foul Ball, location: 2F 1-1: Called Strike Jarrod Lindblad is caught stealing 2nd base 2-4
|
| Top of the 6th over - 0 runs, 0 hits, 0 errors, 0 left on base; Northwest Arkansas 2 - Jackson 1 |
| BOTTOM OF THE 6TH |
|
Jackson Generals batting - Pitching for Northwest Arkansas Naturals : RHP Jarred Young
|
|
Batting: RHB Harutomi Matsubara
|
0-0: Ball 1-0: Foul Ball, location: 2F 1-1: Ball 2-1: SINGLE (Groundball, 56D, EV 102.5 MPH)
|
|
Batting: LHB Tom Reynolds
|
0-0: Ball 1-0: Ball 2-0: Fly out, F8 (Flyball, 8LD, EV 93.1 MPH)
|
|
Batting: LHB Matt Purke Jr.
|
0-0: Called Strike Harutomi Matsubara steals 2nd base (no throw) 0-1: Ball 1-1: Swinging Strike 1-2: Ball 2-2: Ball 3-2: Base on Balls
|
|
Batting: RHB Joe Stading
|
0-0: Ball 1-0: Foul Ball, location: 2F 1-1: Ball 2-1: Ball Harutomi Matsubara steals 3rd base Matt Purke Jr. to second 3-1: Base on Balls
|
|
Batting: RHB Jesus Torres
|
0-0: Called Strike 0-1: Fly out, F7 (Line Drive, 7, EV 89.4 MPH) Runner from 3rd tags up, SCORES, throw by LF Matt Purke Jr. to third
|
|
Batting: RHB Micah Roth
|
0-0: Ball 1-0: SINGLE (Line Drive, 4M, EV 98.1 MPH) Matt Purke Jr. scores Joe Stading to second Runner from 2nd tries for 3rd, SAFE, throw by CF made to third
|
|
Batting: RHB Brad Robidas
|
0-0: Called Strike 0-1: Called Strike 0-2: Ball 1-2: Strikes out swinging
|
| Bottom of the 6th over - 2 runs, 2 hits, 0 errors, 2 left on base; Northwest Arkansas 2 - Jackson 3 |
| TOP OF THE 7TH |
|
Northwest Arkansas Naturals batting - Pitching for Jackson Generals : RHP Kurt Loscalzo
|
|
Batting: RHB Jaden Warrior
|
0-0: Ball 1-0: Fly out, F8 (Flyball, 89D, EV 96.9 MPH)
|
|
Batting: RHB Gavin Jones
|
0-0: Swinging Strike 0-1: Swinging Strike 0-2: Ball 1-2: Strikes out looking
|
|
Batting: RHB Tomas Raya
|
0-0: Called Strike 0-1: Swinging Strike 0-2: Ball 1-2: Ball 2-2: Strikes out swinging
|
| Top of the 7th over - 0 runs, 0 hits, 0 errors, 0 left on base; Northwest Arkansas 2 - Jackson 3 |
| BOTTOM OF THE 7TH |
|
Jackson Generals batting - Pitching for Northwest Arkansas Naturals : RHP Jarred Young
|
|
Pitching: LHP Dave Schmidt
|
|
|
Batting: LHB Cliff Thomas
|
0-0: Ball 1-0: Ground out 6-3 (Groundball, 4M, EV 85.6 MPH)
|
|
Batting: RHB Tony Vargas
|
0-0: Foul Ball, location: 2F 0-1: Ball 1-1: Swinging Strike 1-2: TRIPLE (Flyball, 89XD, EV 113.1 MPH)
|
|
Batting: RHB Harutomi Matsubara
|
0-0: Intentional Walk
|
|
Batting: RHB Malik Brookshire
|
0-0: Ball 1-0: Ball 2-0: Called Strike 2-1: 3-RUN HOME RUN (Line Drive, 7D, EV 98.1 MPH), Distance : 399 ft
|
|
Batting: LHB Matt Purke Jr.
|
0-0: SINGLE (Flyball, 89S, EV 90.0 MPH)
|
|
Batting: RHB Joe Stading
|
0-0: SINGLE (Groundball, 25, EV 66.9 MPH) (infield hit) Matt Purke Jr. to second
|
|
Pitching: RHP Vinny Reveles
|
|
|
Batting: RHB Jesus Torres
|
0-0: Swinging Strike 0-1: Fly out, F8 (Flyball, 8LS, EV 89.4 MPH)
|
|
Batting: RHB Micah Roth
|
0-0: Ground out 1-3 (Groundball, 13, EV 65.0 MPH)
|
| Bottom of the 7th over - 3 runs, 4 hits, 0 errors, 2 left on base; Northwest Arkansas 2 - Jackson 6 |
| TOP OF THE 8TH |
|
Northwest Arkansas Naturals batting - Pitching for Jackson Generals : RHP Kurt Loscalzo
|
|
Pitching: RHP Mark Case
|
|
|
Batting: RHB Kunimatsu Oya
|
0-0: Ball 1-0: Called Strike 1-1: Foul Ball, location: 2F 1-2: Foul Ball, location: 2F 1-2: SINGLE (Groundball, 34D, EV 98.1 MPH)
|
|
Batting: RHB Doug Carter
|
0-0: Grounds into double play, 5-4-3 (Groundball, 5, EV 106.2 MPH)
|
|
Batting: RHB Egidius Kruger
|
0-0: Ball 1-0: Called Strike 1-1: Called Strike 1-2: Strikes out swinging
|
| Top of the 8th over - 0 runs, 1 hit, 0 errors, 0 left on base; Northwest Arkansas 2 - Jackson 6 |
| BOTTOM OF THE 8TH |
|
Jackson Generals batting - Pitching for Northwest Arkansas Naturals : RHP Vinny Reveles
|
|
Batting: RHB Brad Robidas
|
0-0: Ball 1-0: Ball 2-0: Called Strike 2-1: Fly out, F9 (Flyball, 9LM, EV 77.5 MPH)
|
|
Batting: LHB Cliff Thomas
|
0-0: Foul Ball, location: 2F 0-1: Ball 1-1: Fly out, F5 (Flyball, 5D, EV 95.6 MPH)
|
|
Batting: RHB Tony Vargas
|
0-0: Ball 1-0: Ball 2-0: Ball 3-0: Base on Balls
|
|
Batting: RHB Harutomi Matsubara
|
0-0: Called Strike Tony Vargas steals 2nd base (no throw) 0-1: Ball 1-1: Ball 2-1: Swinging Strike 2-2: DOUBLE (Line Drive, 89D, EV 107.5 MPH) Tony Vargas scores
|
|
Batting: RHB Malik Brookshire
|
0-0: Ball 1-0: Called Strike 1-1: Ball 2-1: Ball 3-1: Base on Balls
|
|
Batting: LHB Matt Purke Jr.
|
0-0: Ball 1-0: Swinging Strike 1-1: Swinging Strike 1-2: Foul Ball, location: 2F 1-2: Ball 2-2: Ball 3-2: Base on Balls Harutomi Matsubara to third Malik Brookshire to second
|
|
Batting: RHB Joe Stading
|
0-0: Ball 1-0: Ball 2-0: Called Strike 2-1: Ball 3-1: Foul Ball, location: 2F 3-2: Foul Ball, location: 2F 3-2: Base on Balls Harutomi Matsubara scores Malik Brookshire to third Matt Purke Jr. to second
|
|
Batting: RHB Jesus Torres
|
0-0: Ball 1-0: Fly out, F7 (Flyball, 7, EV 94.4 MPH)
|
| Bottom of the 8th over - 2 runs, 1 hit, 0 errors, 3 left on base; Northwest Arkansas 2 - Jackson 8 |
| TOP OF THE 9TH |
|
Northwest Arkansas Naturals batting - Pitching for Jackson Generals : RHP Mark Case
|
|
Batting: SHB Jarrod Lindblad
|
0-0: Called Strike 0-1: Swinging Strike 0-2: Strikes out swinging
|
|
Batting: LHB Danny Bailey
|
0-0: Called Strike 0-1: Foul Ball, location: 2F 0-2: Foul Ball, location: 2F 0-2: Strikes out swinging
|
|
Batting: RHB Walt Cogswell
|
0-0: Called Strike 0-1: Ball 1-1: Ball 2-1: Foul Ball, location: 2F 2-2: Strikes out swinging
|
| Top of the 9th over - 0 runs, 0 hits, 0 errors, 0 left on base; Northwest Arkansas 2 - Jackson 8 |
|